Map: Acid Plant LE

Players

Nerchio

  • Race: Zerg Zerg
  • Spawn Location: 11:00

Serral - Winner!

  • Race: Zerg Zerg
  • Spawn Location: 5:00

Event: WCS Leipzig 2018

VOD

Have the link to the VOD?

Description

Time

  • Played on: Jan. 27, 2018, 12:10 p.m.
  • Length: 6:57

All games in this series

Show
View Real Time Build Order
Export as new Build Order

Nerchio Zerg 

Build Orders: Hatch First, Zergling Baneling 

Get SALT Encoding   

  12  0:00  Drone  
  13  0:12  Overlord  
  13  0:17  Drone  
  14  0:31  Drone x2  
  14  0:34  Drone  
  17  0:51  Hatchery  
  17  0:55  Drone  
  17  0:58  Drone  
  18  1:09  Extractor  
  17  1:13  Spawning Pool  
  17  1:16  Drone  
  17  1:19  Drone  
  18  1:28  Drone  
  19  1:39  Overlord  
  19  1:50  Drone  
  20  1:59  Queen  
  20  2:00  Zergling x2  
  23  2:03  Queen  
  23  2:04  Zergling x2  
  26  2:09  Metabolic Boost  
  26  2:12  Drone  
  26  2:15  Drone  
  28  2:22  Drone  
  29  2:25  Drone  
  30  2:38  Zergling x2, Hatchery  
  30  2:41  Drone  
  31  2:46  Drone  
  31  2:50  Queen  
  34  2:55  Overlord  
  34  3:01  Drone x2  
  36  3:06  Baneling Nest  
  36  3:08  Zergling x2  
  36  3:15  Zergling x6  
  36  3:17  Zergling x2  
  40  3:20  Zergling x2  
  40  3:23  Zergling x2  
  40  3:24  Zergling x2  
  43  3:30  Zergling x2  
  43  3:32  Overlord  
  42  3:36  Zergling x2  
  42  3:39  Drone  
  44  3:42  Overlord  
  44  3:47  Overlord  
  44  3:50  Drone x3  
  44  3:55  Baneling x3  
  47  3:56  Baneling  
  47  4:01  Drone x2  
  46  4:10  Drone x2  
  43  4:19  Zergling x2  
  43  4:20  Drone x3  
  43  4:23  Zergling x2  
  43  4:24  Zergling x8, Evolution Chamber  
  52  4:26  Zergling x2  
  52  4:28  Zergling x2  
  53  4:32  Zergling x2  
  53  4:34  Baneling x3  
  53  4:35  Zergling x4  
  55  4:42  Drone  
  55  4:43  Drone x2  
  58  4:46  Drone x3  
  58  4:50  Drone x3  
  58  4:52  Baneling x2  
  64  4:53  Drone  
  64  4:55  Drone  
  66  5:02  Extractor, Roach Warren  
  66  5:04  Extractor  
  66  5:05  Drone x2  
  66  5:06  Drone  
  61  5:09  Drone  
  61  5:10  Drone  
  61  5:13  Drone x3  
  65  5:20  Lair  
  62  5:22  Zergling x2  
  62  5:23  Zergling x6  
  62  5:27  Zergling x6  
  65  5:39  Zergling x4  
  65  5:40  Zergling x6  
  70  5:43  Overlord  
  70  5:45  Drone  
  70  5:48  Baneling x2  
  70  5:49  Overlord  
  71  5:52  Drone  
  71  5:53  Drone  
  71  5:57  Extractor  
  72  6:01  Spine Crawler  
  72  6:02  Spine Crawler  
  72  6:03  Spine Crawler x2  
  68  6:07  Roach  
  68  6:08  Roach x3  
  68  6:09  Roach  
  68  6:10  Roach  
  78  6:13  Roach  
  78  6:14  Roach  
  78  6:16  Roach  
  78  6:18  Roach  
  85  6:20  Roach  
  85  6:22  Roach  
  85  6:23  Zergling x2  
  87  6:27  Roach  
  87  6:30  Roach x2  
  82  6:34  Roach  
  82  6:36  Zergling x2  
Show
View Real Time Build Order
Export as new Build Order

Serral Zerg - Winner!

Build Orders: Hatch First 

Get SALT Encoding   

  12  0:00  Drone  
  13  0:12  Overlord  
  13  0:17  Drone  
  14  0:30  Drone x2  
  14  0:34  Drone  
  17  0:51  Hatchery  
  17  0:55  Drone  
  17  0:57  Drone  
  17  1:02  Extractor  
  17  1:12  Spawning Pool  
  17  1:15  Drone  
  17  1:18  Drone  
  18  1:28  Drone  
  19  1:38  Overlord  
  19  1:52  Drone  
  20  1:59  Queen  
  20  2:00  Zergling x2  
  23  2:03  Metabolic Boost, Queen  
  23  2:06  Zergling x2  
  26  2:12  Drone  
  26  2:14  Drone  
  28  2:22  Drone  
  29  2:25  Drone  
  30  2:37  Hatchery, Zergling x2  
  29  2:39  Zergling x2  
  29  2:43  Zergling x2  
  32  2:46  Zergling x2  
  33  2:53  Overlord  
  33  2:57  Drone  
  34  3:06  Drone  
  34  3:07  Drone, Baneling Nest  
  34  3:08  Drone  
  34  3:12  Overlord  
  36  3:13  Drone x2  
  36  3:15  Drone  
  39  3:20  Zergling x2  
  39  3:21  Drone  
  39  3:23  Zergling x2  
  42  3:27  Overlord  
  42  3:31  Drone  
  42  3:39  Zergling x2  
  42  3:40  Overlord  
  43  3:43  Zergling x6  
  43  3:48  Overlord  
  46  3:50  Zergling x4  
  46  3:51  Baneling x2  
  46  3:55  Drone x2  
  50  3:58  Zergling x2  
  50  4:06  Baneling, Drone x2  
  50  4:07  Drone  
  52  4:10  Baneling x2  
  52  4:11  Drone  
  52  4:15  Zergling x4  
  50  4:17  Zergling x2  
  50  4:19  Drone x3  
  54  4:27  Extractor, Queen  
  54  4:28  Extractor  
  54  4:29  Drone  
  55  4:35  Drone  
  55  4:37  Roach Warren  
  54  4:43  Drone x2  
  54  4:44  Evolution Chamber  
  55  4:49  Zergling x6  
  55  4:51  Drone x2  
  55  4:52  Baneling x2  
  60  4:53  Drone  
  60  4:57  Overlord  
  61  5:02  Overlord  
  59  5:19  Roach x5  
  68  5:21  Roach  
  65  5:28  Roach x2  
  65  5:29  Roach  
  65  5:33  Roach  
  65  5:34  Roach x2  
  75  5:39  Roach x2  
  79  5:44  Roach x2  
  83  5:54  Overlord  
  83  5:55  Zergling x8  
  87  5:59  Baneling  
  87  6:00  Baneling x4  
  87  6:03  Zergling x4  
  89  6:07  Zergling x2  
  88  6:13  Overlord  
  88  6:17  Zergling x8  
  91  6:21  Overlord  
  91  6:25  Zergling x6  
  92  6:32  Roach  
  92  6:37  Zergling x12  
  96  6:40  Ravager  
  96  6:45  Ravager x2  
  96  6:46  Ravager  
Tags
 
Add a new tag
Caveats
  • Supply blocks, unpowered buildings, or Contaminate may cause inaccurate times.
  • Supply counts are checked every 10 seconds.